Map: 뉴커크 재개발 지구 - 토너먼트 (공허의 유산)

Players

Forte - Winner!

  • Race: Terran Terran
  • League: Master
  • Spawn Location: 7:00

Leenock

  • Race: Zerg Zerg
  • League: Master
  • Spawn Location: 5:00

VOD

Have the link to the VOD?

Description

Time

  • Played on: Nov. 27, 2016, 7:36 a.m.
  • Length: 9:33
Show
View Real Time Build Order
Export as new Build Order

Forte Terran - Winner!

Build Orders: Reaper Expand, Bio Mine 

Get SALT Encoding   

  12  0:01  SCV  
  13  0:13  SCV  
  14  0:17  Supply Depot  
  14  0:25  SCV  
  15  0:39  SCV  
  15  0:41  Barracks  
  16  0:44  Refinery  
  16  0:51  SCV  
  17  1:03  SCV  
  18  1:15  SCV  
  19  1:28  Orbital Command  
  19  1:29  Reaper  
  20  1:40  Command Center  
  20  1:51  Barracks  
  20  1:55  SCV  
  20  2:01  Barracks Reactor  
  21  2:05  Supply Depot  
  21  2:07  SCV  
  22  2:12  Refinery  
  22  2:20  SCV  
  23  2:24  Factory  
  23  2:36  SCV  
  24  2:38  Marine x2, Barracks Tech Lab  
  26  2:49  SCV  
  27  2:53  Orbital Command  
  27  2:56  Stimpack  
  27  3:01  SCV  
  28  3:09  Marine x3  
  31  3:13  SCV  
  31  3:19  Starport  
  32  3:21  Factory Reactor  
  32  3:23  SCV  
  33  3:28  SCV  
  33  3:29  Marine x2  
  33  3:33  Marine  
  37  3:37  SCV  
  37  3:40  SCV  
  38  3:46  Supply Depot  
  38  3:50  Marine x3  
  38  3:54  SCV  
  38  3:55  SCV  
  43  4:03  Medivac  
  43  4:07  Medivac, SCV  
  43  4:08  Supply Depot  
  48  4:11  Supply Depot  
  48  4:12  Marine x3  
  48  4:15  SCV  
  52  4:19  SCV  
  53  4:29  SCV  
  53  4:31  SCV  
  55  4:34  Command Center  
  55  4:36  Supply Depot  
  55  4:42  Marine x2  
  55  4:43  Widow Mine, Marine  
  55  4:44  Medivac  
  62  4:49  SCV x2  
  64  4:56  Engineering Bay x2  
  64  4:59  Combat Shields  
  64  5:02  Marine x2  
  64  5:03  Marine  
  67  5:16  SCV  
  67  5:17  SCV  
  66  5:26  Terran Infantry Weapons Level 1, Terran Infantry Armor Level 1  
  61  5:29  Marine x3, SCV x2  
  61  5:30  Refinery  
  66  5:39  Factory Reactor  
  66  5:41  Barracks  
  66  5:44  Barracks, Supply Depot  
  66  5:45  Barracks, SCV x2  
  68  5:51  Orbital Command  
  68  5:57  Refinery, Marine x2, SCV x2  
  68  5:59  Marine  
  72  6:11  Orbital Command  
  72  6:15  Marine x2  
  72  6:16  Marine  
  72  6:18  SCV x2  
  77  6:30  SCV x2  
  79  6:33  Marine x2  
  79  6:34  Marine  
  79  6:37  Barracks Reactor x3  
  79  6:38  Widow Mine x2  
  86  6:40  Armory  
  86  6:45  Supply Depot  
  86  6:46  Supply Depot, SCV x3  
  89  6:47  Medivac  
  89  6:48  Medivac  
  91  6:55  Marine x3  
  91  6:58  SCV x3  
  91  6:59  Factory  
  97  7:10  SCV x3  
  97  7:13  Supply Depot, Marine x3  
  97  7:14  Supply Depot  
  97  7:15  Widow Mine x2  
  103  7:20  Medivac x2  
  104  7:45  Marine x5  
  104  7:46  Marine x4  
  104  7:47  Widow Mine x2  
  104  7:49  Factory Tech Lab  
  114  7:58  SCV x2  
  114  7:59  Barracks x2  
  114  8:00  Supply Depot  
  114  8:01  Barracks  
  114  8:02  Supply Depot  
  114  8:03  Medivac x2, Marine x7  
  114  8:04  Marauder  
  127  8:08  Drilling Claws  
  127  8:09  Widow Mine  
  127  8:11  Missile Turret  
  130  8:12  SCV  
  130  8:14  Refinery  
  130  8:18  Missile Turret, SCV x2  
  132  8:22  Widow Mine x2  
  136  8:28  Missile Turret  
  136  8:36  Marauder, Marine x5  
  136  8:37  Marine  
  144  8:53  Marine x2  
  144  8:54  Marine  
  138  8:57  Widow Mine x3, Marine  
  138  8:58  Marauder  
  138  9:01  Barracks Tech Lab x3  
  143  9:09  Marine  
  143  9:13  Marine x6  
  143  9:14  Marine  
Show
View Real Time Build Order
Export as new Build Order

Leenock Zerg 

Build Orders: Hatch First, Muta Ling Bane 

Get SALT Encoding   

  12  0:00  Drone  
  13  0:13  Overlord  
  13  0:18  Drone  
  14  0:31  Drone x2  
  14  0:35  Drone  
  17  0:53  Hatchery  
  17  0:55  Drone  
  17  0:59  Drone  
  18  1:07  Extractor  
  17  1:14  Spawning Pool  
  17  1:17  Drone  
  17  1:21  Drone  
  18  1:29  Drone  
  19  1:39  Overlord  
  19  2:00  Zergling x2  
  19  2:01  Zergling x2, Queen  
  21  2:04  Queen  
  21  2:05  Zergling x2  
  21  2:06  Metabolic Boost  
  26  2:11  Drone  
  27  2:16  Drone  
  28  2:23  Drone  
  28  2:27  Drone  
  30  2:34  Drone  
  31  2:39  Drone  
  31  2:42  Queen  
  34  2:44  Pneumatized Carapace  
  34  2:49  Overlord  
  34  2:51  Drone  
  35  2:56  Overlord  
  35  3:00  Drone  
  36  3:10  Drone x2  
  38  3:15  Drone  
  38  3:16  Drone x2  
  42  3:20  Drone x2  
  42  3:21  Drone x2  
  45  3:35  Hatchery  
  45  3:38  Drone x2  
  46  3:43  Queen  
  46  3:46  Overlord  
  47  3:49  Drone  
  47  3:51  Drone  
  47  3:53  Extractor  
  47  3:55  Drone x2  
  50  3:58  Evolution Chamber  
  50  4:02  Evolution Chamber  
  48  4:04  Queen  
  48  4:09  Overlord  
  50  4:11  Drone x2  
  52  4:21  Drone x2  
  52  4:22  Zergling x2, Drone x2  
  52  4:23  Zergling x4  
  59  4:28  Zerg Ground Armor Level 1  
  59  4:31  Zerg Melee Weapons Level 1  
  59  4:35  Zergling x4  
  61  4:41  Drone  
  61  4:42  Baneling Nest  
  61  4:46  Zergling x6  
  61  4:48  Zergling x4  
  61  4:51  Zergling x2  
  67  4:59  Lair  
  68  5:00  Zergling x6  
  68  5:02  Spore Crawler  
  64  5:22  Drone x6  
  64  5:23  Drone x4  
  64  5:25  Drone  
  64  5:26  Drone  
  73  5:29  Drone  
  73  5:30  Overlord  
  73  5:32  Overlord x2  
  74  5:42  Hatchery  
  74  5:44  Extractor x2  
  74  5:46  Zergling x6  
  74  5:50  Drone  
  74  5:51  Drone x3  
  78  5:59  Centrifical Hooks  
  78  6:01  Drone x6  
  79  6:15  Zergling x4  
  81  6:24  Zergling x10  
  81  6:25  Zergling x2  
  86  6:27  Spire  
  85  6:38  Overseer  
  85  6:46  Drone x2  
  85  6:47  Drone x3  
  89  6:48  Drone x4  
  89  6:49  Extractor  
  89  6:50  Extractor  
  89  6:51  Drone  
  93  6:54  Overlord  
  93  6:55  Overlord x3  
  93  7:04  Hatchery  
  92  7:09  Overlord  
  92  7:13  Overlord x2  
  92  7:14  Zerg Ground Armor Level 2, Zerg Melee Weapons Level 2  
  92  7:20  Drone x3  
  92  7:21  Zergling x2  
  92  7:22  Zergling x12  
  102  7:23  Baneling x4  
  102  7:27  Zergling x4  
  104  7:33  Spawning Pool  
  95  7:45  Mutalisk  
  95  7:46  Mutalisk x2  
  95  7:51  Drone  
  97  7:52  Drone x2  
  97  7:53  Drone  
  97  7:57  Mutalisk x2  
  104  8:03  Baneling x4  
  104  8:16  Mutalisk x2  
  108  8:21  Drone  
  108  8:22  Drone x10  
  108  8:23  Drone  
  108  8:24  Queen  
  108  8:25  Queen  
  124  8:31  Zergling x22  
  135  8:37  Mutalisk x2  
  135  8:39  Mutalisk  
  139  8:49  Spore Crawler  
  133  8:59  Zergling x16  
  133  9:01  Baneling  
  133  9:02  Baneling x2  
  128  9:04  Zergling x10  
  128  9:09  Zergling x2  
  133  9:10  Zergling x10  
  133  9:14  Zergling x2  
Tags
 
Add a new tag
Caveats
  • Supply blocks, unpowered buildings, or Contaminate may cause inaccurate times.
  • Supply counts are checked every 10 seconds.